 Dungeon Crawl Stone Soup version 0.25.1-2-g60ff931df9 (webtiles) character file.

Game seed: 18347301622342494238

210 MajorAdolf the Skirmisher (level 5, -1/50 HPs)
             Began as a Naga Wanderer on Oct 10, 2020.
             Killed from afar by an orc wizard (2 damage)
             ... with a magic dart
             ... on level 4 of the Dungeon.
             The game lasted 00:03:13 (2595 turns).

MajorAdolf the Skirmisher (Naga Wanderer)           Turns: 2595, Time: 00:03:14

Health: -1/50      AC: 10    Str: 16    XL:     5   Next: 88%
Magic:  6/6        EV:  7    Int: 14    God:
Gold:   126        SH:  0    Dex:  8    Spells: 4/4 levels left

rFire    + . .     SeeInvis +   q - +1 hand axe (elec)
rCold    + . .     Gourm    .   (no shield)
rNeg     . . .     Faith    .   b - +2 scale mail
rPois    +         Spirit   .   f - +2 helmet
rElec    +         Reflect  .   (no cloak)
rCorr    +         Harm     .   (no gloves)
MR       .....                  (no barding)
Stlth    ..........             (no amulet)
HPRegen  0.16/turn              (no ring)
MPRegen  0.10/turn              (no ring)

@: lethally poisoned (-1 -> -10), resistant, slowed, invisible, very slow
A: large, see invisible, deformed body, poison resistance, slowness 2, slow
metabolism 1, spit poison 1, AC +1
a: Spit Poison


You were on level 4 of the Dungeon.
You were not hungry.

You visited 1 branch of the dungeon, and saw 4 of its levels.

You collected 126 gold pieces.

Inventory:

Hand Weapons
 q - a +1 hand axe of electrocution (weapon)
Armour
 b - a +2 scale mail (worn)
 f - a +2 helmet (worn)
Wands
 m - a wand of acid (7)
Scrolls
 c - 4 scrolls of teleportation
 j - 3 scrolls of amnesia {unknown}
 k - 4 scrolls of magic mapping {unknown}
 n - 2 scrolls of fog {unknown}
 o - 4 scrolls of identify {unknown}
 p - 2 scrolls of remove curse {unknown}
Potions
 e - a potion of resistance
 g - a potion of curing {unknown}
 h - a potion of magic {unknown}
 i - a potion of degeneration {unknown}
 l - a potion of might {unknown}
Comestibles
 d - 3 rations
 r - 2 chunks of flesh


   Skills:
 + Level 3.9 Fighting
 * Level 3.4(3.5) Axes
   Level 1.0(2.3) Maces & Flails
   Level 1.0 Bows
 + Level 3.2 Armour
 - Level 1.5 Stealth
 + Level 2.0 Evocations


You had 4 spell levels left.
You didn't know any spells.
Your spell library was empty.

Dungeon Overview and Level Annotations

Branches:
Dungeon (4/15)
 Temple: D:4-7

Altars:


Innate Abilities, Weirdness & Mutations

You cannot wear boots.
Your serpentine skin is tough. (AC +1)
You have supernaturally acute eyesight. (SInv)
Armour fits poorly on your strangely shaped body.
Your system is resistant to poisons. (rPois)
You cover ground very slowly.
You have a slow metabolism.
You can spit poison.


Message History

The orc wizard flickers and vanishes for a moment.
The orc wizard casts a spell at you.
You feel yourself slow down. The hound bites you but does no damage.
The worker ant bites you.
* * * LOW HITPOINT WARNING * * *
You are more poisoned.
The worker ant poisons you! The orc hits you but does no damage.
It was a potion of invisibility.
You fade into invisibility!
You feel less confused.
* * * LOW HITPOINT WARNING * * *
You feel sick. The hound barely misses you.
The orc wizard casts a spell at you. The magic dart hits you.
* * * LOW HITPOINT WARNING * * *
The worker ant bites you but does no damage.
The orc wizard barely misses you. The hound bites you but does no damage.
The orc hits you but does no damage.
The orc wizard gestures at you while chanting.
The magic dart hits you.
You die...

#..#####..# ..# #..#
#..# ...# #..# #..#
....#####..# #..##
......#..( ##..##
.........# #...#
.........# ##....
.......ha# ####.....
......o@.#######.......#
.......oo.##...........#
..........%...######...#
#........%...## ##...
##...........# ##..
#............# ###
#......####..# #......#
##.. ...... #..


You could see a hound, a worker ant, 2 orc wizards and an orc.

Vanquished Creatures
  A hound (D:4)
  An orc priest (D:3)
  An orc wizard (D:3)
  A worker ant (D:4)
  Robin (D:3)
  2 adders
  A worm (D:2)
  A dart slug (D:3)
  A leopard gecko (D:1)
  5 orcs
  3 giant cockroaches
  11 goblins
  10 hobgoblins
  2 jackals (D:1)
  3 bats
  4 frilled lizards
  9 kobolds
  5 rats
62 creatures vanquished.

Notes
Turn   | Place    | Note
-------+----------+-------------------------------------------
     0 | D:1      | MajorAdolf the Naga Wanderer began the quest for the Orb.
     0 | D:1      | MajorAdolf set off with the following items: a +0 hand axe,
                  | a +2 scale mail, a scroll of teleportation, a ration
     0 | D:1      | Reached XP level 1. HP: 21/21 MP: 1/1
   139 | D:1      | Reached skill level 1 in Axes
   317 | D:1      | Reached XP level 2. HP: 20/28 MP: 2/2
  1072 | D:2      | Reached XP level 3. HP: 34/34 MP: 3/3
  1119 | D:2      | You fall into a shaft and drop 1 floor!
  1153 | D:3      | Noticed Robin
  1171 | D:3      | Killed Robin
  1543 | D:3      | Reached XP level 4. HP: 23/42 MP: 4/4
  1901 | D:3      | Reached XP level 5. HP: 42/50 MP: 6/6
  2594 | D:4      | HP: 2/50 [worker ant (3)]
  2595 | D:4      | Killed from afar by an orc wizard

Illustrated notes

Levels and vault maps discovered:
D:1:      minmay_arrival_wavy_path, layout_rooms, hangedman_decor_growths
D:2:      layout_basic, marbit_many_paths, gammafunk_temple_overflow_elements,
          first_ration, grunt_gozag_breadcrumbs
D:3:      layout_loops_ring, uniq_robin
D:4:      layout_layer_cave, chequers_temple_overflow_statue_of_worship,
          guppyfry_shop_venom

Skill      XL: |  1  2  3  4  5 |
---------------+----------------+-----
Axes           | 1 2 3 |  3.4
Armour         | 3 |  3.2
Evocations     | 2 |  2.0
Fighting       | |  3.9
Maces & Flails | |  1.0
Bows           | |  1.0
Stealth        | |  1.5

Action                   |  1- 3 |  4- 6 || total
-------------------------+-------+-------++-------
Melee: Hand axe          |   136 |    66 ||   202
       War axe           |       |    16 ||    16
 Abil: Spit Poison       |     3 |       ||     3
  Use: Potion            |       |     2 ||     2
  Eat: Chunk             |     1 |     3 ||     4
Armor: Scale mail        |   104 |    74 ||   178
Dodge: Dodged            |    42 |    45 ||    87
